 Dungeon Crawl Stone Soup version 0.25.0-37-gb73750e0fb (webtiles) character file.

Game seed: 1664842373465735014

65207 littleberserk the Bludgeoner (level 15, -1/169 HPs)
             Began as an Ogre Wizard on July 9, 2020.
             Was a High Priest of the Shining One.
             Slain by a spiny frog (2 damage)
             ... on level 2 of the Lair of Beasts.
             The game lasted 01:16:15 (31054 turns).

littleberserk the Bludgeoner (Ogre Wizard)         Turns: 31054, Time: 01:16:15

Health: -1/169     AC:  8    Str: 20    XL:     15   Next: 15%
Magic:  25/25      EV: 15    Int: 19    God:    the Shining One [*****.]
Gold:   1666       SH:  5    Dex:  7    Spells: 17/28 levels left

rFire    . . .     SeeInvis .   g - +9 giant spiked club
rCold    . . .     Gourm    .   (shield currently unavailable)
rNeg     + + .     Faith    .   N - +0 troll leather armour
rPois    +         Spirit   .   b - +0 hat
rElec    .         Reflect  +   x - +2 cloak
rCorr    .         Harm     .   (gloves unavailable)
MR       +....                  (boots unavailable)
Stlth    +.........             c - amulet of reflection
HPRegen  0.78/turn              m - +4 ring of evasion
MPRegen  0.19/turn              I - ring of poison resistance

@: glowing
A: large, unfitting armour, tough skin 1
a: Divine Shield, Cleansing Flame, Summon Divine Warrior, Renounce Religion


You were on level 2 of the Lair of Beasts.
You worshipped the Shining One.
The Shining One was extremely pleased with you.
You were not hungry.

You visited 5 branches of the dungeon, and saw 21 of its levels.
You also visited: Ice Cave.

You collected 2553 gold pieces.
You spent 887 gold pieces at shops.

Inventory:

Hand Weapons
 g - a +9 giant spiked club (weapon)
Missiles
 G - 15 large rocks (quivered)
Armour
 b - a +0 hat (worn)
 e - +0 ice dragon scales
 x - a +2 cloak (worn)
 J - a +1 robe of fire resistance
 N - a +0 troll leather armour (worn)
Magical Staves
 z - an uncursed staff of wizardry
Jewellery
 c - an amulet of reflection (around neck)
 m - a +4 ring of evasion (left hand)
 o - an uncursed ring of protection from cold
 t - an uncursed ring of ice
 I - a ring of poison resistance (right hand)
 O - the ring of Jexzov {Fire Str+3 Int+4}
   (You found it on level 4 of the Lair of Beasts)

   [ring of fire]

   It enhances your fire magic.
   It affects your strength (+3).
   It affects your intelligence (+4).
   It protects you from fire.
   It makes you vulnerable to cold.
 R - a +4 ring of evasion
Wands
 a - a wand of disintegration (16)
 w - a wand of digging (4)
 C - a wand of paralysis (8)
 D - a wand of flame (17)
 P - a wand of acid (10)
 T - a wand of iceblast (16)
Scrolls
 j - 4 scrolls of enchant armour
 k - 3 scrolls of amnesia
 l - 2 scrolls of summoning
 n - a scroll of fog
 p - 9 scrolls of remove curse
 u - 2 scrolls of immolation
 y - 2 scrolls of magic mapping
 F - 7 scrolls of teleportation
 H - 2 scrolls of identify
 K - a scroll of vulnerability {unknown}
 L - 2 scrolls of random uselessness {unknown}
 M - a scroll of holy word {unknown}
 S - a scroll of fear
Potions
 f - 3 potions of lignification
 h - 2 potions of cancellation
 i - 7 potions of curing
 q - 2 potions of flight
 r - a potion of mutation
 s - 2 potions of heal wounds
 v - 2 potions of ambrosia
 A - a potion of stabbing {unknown}
 E - 3 potions of might
 U - a potion of magic {unknown}
Miscellaneous
 B - a phantom mirror
Comestibles
 d - 25 rations
 Q - 4 chunks of flesh


   Skills:
 + Level 15.8 Fighting
 + Level 17.5 Maces & Flails
 + Level 2.4 Armour
 + Level 5.0 Dodging
 - Level 1.4 Stealth
   Level 0.8 Shields
 - Level 7.0 Spellcasting
 - Level 2.0 Conjurations
   Level 1.0 Summonings
 - Level 0.8 Translocations
 - Level 2.0 Air Magic
 - Level 2.0 Poison Magic
 * Level 6.9 Invocations


You had 17 spell levels left.
You knew the following spells:

 Your Spells              Type           Power        Failure   Level  Hunger
a - Magic Dart            Conj           ##..         4%          1    None
b - Blink                 Tloc           N/A          12%         2    None
d - Slow                  Hex            #.......     17%         2    None
e - Conjure Flame         Conj/Fire      ##......     22%         3    #......
f - Mephitic Cloud        Conj/Pois/Air  ##......     16%         3    #......

Your spell library contained the following spells:

 Spells                   Type           Power        Failure   Level  Hunger
 Sting                    Tmut/Pois      ##..         8%          1    None
 Summon Small Mammal      Summ           ##..         8%          1    None
 Poisonous Vapours        Pois/Air       ##....       8%          2    None
 Apportation              Tloc           #.....       9%          1    None
 Animate Skeleton         Necr           N/A          12%         1    None
 Corona                   Hex            #......      12%         1    None
 Sandblast                Erth           #.....       12%         1    None
 Call Imp                 Summ           ##......     12%         2    None
 Static Discharge         Conj/Air       ##......     16%         3    #......
 Passwall                 Tmut/Erth      #.......     17%         2    None
 Stone Arrow              Conj/Erth      ##....       22%         3    #......
 Gell's Gravitas          Tloc           #.........   24%         3    #......
 Ignite Poison            Fire/Tmut/Pois #.......     26%         3    #......
 Confusing Touch          Hex            #.......     34%         3    #......
 Olgreb's Toxic Radiance  Pois           ##......     45%         4    ###....
 Petrify                  Tmut/Erth      #.......     75%         4    ###....
 Lightning Bolt           Conj/Air       ##........   80%         5    #####..
 Irradiate                Conj/Tmut      ##........   91%         5    #####..
 Lee's Rapid Deconstruct  Erth           #.........   97%         5    #####..
 Metabolic Englaciation   Hex/Ice        #.........   97%         5    #####..
 Yara's Violent Unravell  Hex/Tmut       #.........   97%         5    #####..
 Freezing Cloud           Conj/Ice/Air   ##........   100%        6    ######.
 Hydra Form               Tmut           #.........   100%        6    ######.
 Statue Form              Tmut/Erth      #........    100%        6    ######.
 Dragon Form              Tmut           #.........   100%        7    #######
 Ring of Flames           Chrm/Fire      #.........   100%        7    #######
 Ignition                 Fire           #.........   100%        8    #######
 Shatter                  Erth           #.........   100%        9    #######
 Tornado                  Air            ##........   100%        9    #######


Dungeon Overview and Level Annotations

Branches:
Dungeon (11/15)            Temple (1/1) D:5            Lair (6/6) D:11
  Swamp (1/4) Lair:2        Snake (0/4) Lair:2        Slime (0/5) Lair:5
    Orc (2/2) D:9             Elf (0/3) Orc:2         IceCv (visited)

Altars:
Ashenzari
Cheibriados
Dithmenos
Elyvilon
Fedhas
Gozag
Hepliaklqana
Kikubaaqudgha
Makhleb
Nemelex Xobeh
Okawaru
Qazlal
Ru
Sif Muna
Trog
Uskayaw
Vehumet
Wu Jian
Yredelemnul
Zin
The Shining One
Jiyva

Shops:
D:5 [   D:7 [:(=   Orc:1 (   Orc:2 (%?[}

Annotations:
D:4 Edmund


Innate Abilities, Weirdness & Mutations

You are too large for most types of armour.
You have tough skin. (AC +1)


Message History

Unknown command.
The vampire mosquito buzzes angrily.
You block the vampire mosquito's attack.
You block the spiny frog's attack. The spiny frog misses you.
The alligator puts on a burst of speed!
The vampire mosquito bites you but does no damage.
You block the komodo dragon's attack.
You climb upwards.
Welcome back to the Lair of Beasts!
There is a staircase to the Swamp here.
You puncture the alligator!
You kill the alligator!
The vampire mosquito bites you. You block the spiny frog's attack.
The spiny frog stings you!!
* * * LOW HITPOINT WARNING * * *
The vampire mosquito bites you!
* * * LOW HITPOINT WARNING * * *
The komodo dragon bites you!!
* * * LOW HITPOINT WARNING * * *
The spiny frog stings you.
You die...

###..#P##.....##.# ##....####.#
.................# #.>..# ###
.................# ##....#
.................###.....######
...................##....##P#.#
##.....#####.................##
#.....#####...≈≈≈............#
###....##.#...≈lFF♣..........##
##P....###.#..§§@y≈...........#
###.#####.....♣♣♣§≈.......#####
### #......≈≈≈.......##
#....P............#######
#....#...........###.....
#########....##.##........###....
P##.#..P..^..#P.####......###....
.................##.#............
................#####............


You could see a komodo dragon, 2 spiny frogs and a vampire mosquito.

Vanquished Creatures
  Gastronok (Lair:1)
  The ghost of Iskefav the Carver, a journeyman DsAK of Lugonu (Lair:4)
  Erolcha (D:9)
  Fannar (Lair:2)
  7 hydras
  2 ice dragons (IceCv)
  2 catoblepae
  A two-headed ogre (D:8)
  2 alligators
  A deep troll shaman (Lair:6)
  4 death yaks (Lair:6)
  5 orc high priests (Orc:2)
  2 unseen horrors
  2 lindwurms
  8 orc knights (Orc:2)
  An orc sorcerer (Orc:1)
  An oklob plant (Lair:3)
  2 cyclopes
  11 elephants
  Psyche (D:9)
  2 black mambas
  2 ice statues (IceCv)
  10 spiny frogs
  6 rime drakes
  A centaur skeleton (D:11)
  4 komodo dragons
  2 trolls
  Prince Ribbit (D:9)
  2 polar bears (Lair:6)
  A tyrant leech (Swamp:1)
  A bog body (Lair:2)
  16 blink frogs
  2 hornets
  8 hippogriffs
  32 yaks
  A spriggan (D:8)
  A wraith (D:11)
  2 wyverns
  2 humans
  A basilisk (Lair:1)
  A hungry ghost (D:7)
  Grum (D:9)
  A death yak simulacrum (Lair:4)
  4 wargs
  A naga (Lair:2)
  A hydra simulacrum (Lair:4)
  8 porcupines
  15 water moccasins
  5 black bears
  29 orc warriors
  14 ice beasts (IceCv)
  4 sky beasts
  11 ogres
  A black mamba simulacrum (Lair:4)
  10 wolves
  8 centaurs
  A phantom (D:6)
  9 crocodiles
  3 big kobolds
  11 bullfrogs
  A wyvern zombie (D:11)
  4 scorpions
  A blink frog simulacrum (Lair:4)
  13 killer bees
  9 wights
  7 howler monkeys
  9 electric eels
  2 bullfrog zombies (D:5)
  3 crimson imps
  A torpor snail simulacrum (Lair:4)
  10 hounds
  5 jellies
  3 quasits
  24 orc priests
  2 bullfrog skeletons
  Jessica (D:3)
  2 iguanas
  5 worker ants
  22 orc wizards
  A polar bear simulacrum (Lair:4)
  A hound zombie (D:11)
  A hound skeleton (D:11)
  Robin (D:2)
  10 adders
  A shadow imp (D:9)
  12 white imps (Lair:2)
  6 oozes
  A worm (D:1)
  An adder zombie (D:2)
  A dart slug (D:3)
  4 leopard geckos
  82 orcs
  2 ball pythons
  11 bats
  5 giant cockroaches
  13 goblins
  14 hobgoblins
  21 jackals
  22 kobolds
  4 quokkas
  5 frilled lizards
  A jackal skeleton (D:4)
  2 quokka skeletons
  11 rats
  A plant (Lair:5)
649 creatures vanquished.

Vanquished Creatures (collateral kills)
  A goblin (D:2)
1 creature vanquished.

Vanquished Creatures (others)
  A kobold (D:8)
  3 fungi
  A plant (Lair:1)
5 creatures vanquished.

Grand Total: 655 creatures vanquished

Notes
Turn   | Place    | Note
-------+----------+-------------------------------------------
     0 | D:1      | littleberserk the Ogre Wizard began the quest for the Orb.
     0 | D:1      | Reached XP level 1. HP: 16/16 MP: 5/5
     1 | D:1      | Found a runed translucent door.
     3 | D:1      | Noticed a jelly
    94 | D:1      | Reached skill level 1 in Conjurations
   368 | D:1      | Reached XP level 2. HP: 26/26 MP: 0/7
   645 | D:1      | Reached skill level 1 in Fighting
  1197 | D:1      | Reached XP level 3. HP: 13/33 MP: 2/9
  1278 | D:1      | Reached XP level 4. HP: 11/42 MP: 5/10
  1428 | D:1      | Learned a level 2 spell: Blink
  1431 | D:1      | Learned a level 2 spell: Call Imp
  1434 | D:1      | Learned a level 2 spell: Slow
  1438 | D:1      | Learned a level 3 spell: Conjure Flame
  1767 | D:2      | Noticed Robin
  1788 | D:1      | Reached skill level 1 in Summonings
  1994 | D:2      | Reached skill level 5 in Spellcasting
  2208 | D:2      | Killed Robin
  2314 | D:2      | Learned a level 3 spell: Mephitic Cloud
  2361 | D:2      | Found a snail-covered altar of Cheibriados.
  2710 | D:2      | Reached XP level 5. HP: 49/49 MP: 12/12
  2926 | D:2      | Noticed an ogre
  3560 | D:2      | Killed an ogre
  3560 | D:2      | Reached skill level 1 in Maces & Flails
  3998 | D:3      | Reached skill level 1 in Air Magic
  3998 | D:3      | Reached XP level 6. HP: 59/59 MP: 14/14
  4210 | D:3      | Found a burning altar of Makhleb.
  4237 | D:3      | Reached skill level 1 in Poison Magic
  4481 | D:3      | Noticed Jessica
  4485 | D:3      | Killed Jessica
  5490 | D:4      | Noticed Edmund
  5881 | D:4      | Reached XP level 7. HP: 59/67 MP: 13/16
  6133 | D:5      | Entered Level 5 of the Dungeon
  6409 | D:5      | Found Lonwiw's Antique Armour Shoppe.
  6417 | D:5      | Bought a runed cloak for 165 gold pieces
  6469 | D:5      | Found a staircase to the Ecumenical Temple.
  6478 | Temple   | Entered the Ecumenical Temple
  6646 | Temple   | Became a worshipper of the Shining One
  7191 | D:5      | Reached skill level 2 in Maces & Flails
  7923 | D:6      | Found a basalt altar of Yredelemnul.
  7960 | D:6      | Reached skill level 3 in Maces & Flails
  8072 | D:6      | Reached XP level 8. HP: 21/79 MP: 18/18
  8325 | D:6      | Noticed a yak
  8330 | D:6      | Noticed a yak
  8331 | D:6      | Noticed a yak
  8332 | D:6      | Noticed a yak
  8333 | D:6      | Noticed a yak
  8334 | D:6      | Killed a yak
  8334 | D:6      | Reached skill level 5 in Fighting
  8334 | D:6      | Reached skill level 4 in Maces & Flails
  8345 | D:5      | Killed a yak
  8546 | D:5      | Killed a yak
  8546 | D:5      | Reached skill level 5 in Maces & Flails
  8823 | Temple   | Killed a yak
  9182 | D:5      | Killed a yak
  9182 | D:5      | Reached skill level 6 in Maces & Flails
  9182 | D:5      | Reached XP level 9. HP: 78/92 MP: 19/19
  9307 | D:6      | Identified the +3 tower shield "Quomoj Werr" {rF++ rN+
                  | rCorr}
  9394 | D:5      | HP: 2/92 [orc warrior/+0 trident (14)]
 10170 | D:7      | Reached skill level 7 in Maces & Flails
 10174 | D:7      | Reached * piety under the Shining One
 10636 | D:7      | Found Fuppieni's Jewellery Emporium.
 10692 | D:7      | Found an iron altar of Okawaru.
 10716 | D:7      | Found Juseeb's Weapon Shop.
 10751 | D:6      | Reached skill level 8 in Maces & Flails
 11280 | D:7      | Found Qoexois's Book Emporium.
 11566 | D:7      | Reached XP level 10. HP: 106/106 MP: 20/20
 11567 | D:7      | Found Deoruotu's Antique Armour Shoppe.
 11840 | D:8      | Reached skill level 9 in Maces & Flails
 12562 | D:8      | Identified the cursed +1 scale mail "Suenn" {rElec rPois
                  | rC+ Int-3}
 12683 | D:8      | Noticed a two-headed ogre
 12693 | D:8      | Killed a two-headed ogre
 12714 | D:8      | Found a shadowy altar of Dithmenos.
 13309 | D:8      | Reached skill level 10 in Maces & Flails
 13868 | D:9      | Noticed Prince Ribbit
 13879 | D:9      | Killed Prince Ribbit
 14127 | D:9      | Reached ** piety under the Shining One
 14323 | D:9      | Noticed Psyche
 14344 | D:9      | Killed Psyche
 14351 | D:9      | Reached skill level 10 in Fighting
 14685 | D:9      | Found a sacrificial altar of Ru.
 14801 | D:9      | Found a staircase to the Orcish Mines.
 14861 | D:9      | Reached skill level 11 in Maces & Flails
 14920 | D:9      | Reached XP level 11. HP: 76/118 MP: 21/21
 15446 | D:9      | Noticed Erolcha
 15454 | D:9      | Killed Erolcha
 15809 | D:9      | Noticed Grum
 15825 | D:9      | Killed Grum
 16476 | D:9      | Noticed a catoblepas
 16480 | D:9      | Noticed a four-headed hydra
 16485 | D:9      | Killed a catoblepas
 16485 | D:9      | Reached skill level 12 in Maces & Flails
 16492 | D:9      | Killed a four-headed hydra
 16863 | D:10     | Entered Level 10 of the Dungeon
 17135 | D:10     | Reached *** piety under the Shining One
 17800 | D:10     | Noticed an unseen horror
 17810 | D:10     | Killed an unseen horror
 18008 | D:11     | Noticed an unseen horror
 18019 | D:11     | Killed an unseen horror
 18019 | D:11     | Reached skill level 13 in Maces & Flails
 18200 | D:11     | Reached XP level 12. HP: 115/130 MP: 22/22
 19598 | D:11     | Found a staircase to the Lair.
 20427 | Orc:1    | Entered Level 1 of the Orcish Mines
 20441 | Orc:1    | Reached **** piety under the Shining One
 20739 | Orc:1    | Found Seus's Weapon Shop.
 20985 | Orc:2    | Entered Level 2 of the Orcish Mines
 21136 | Orc:2    | Found Tarilyb's Gadget Emporium.
 21175 | Orc:2    | Found a staircase to the Elven Halls.
 21553 | Orc:2    | Noticed an orc high priest
 21577 | Orc:2    | Reached ***** piety under the Shining One
 21580 | Orc:2    | Killed an orc high priest
 21580 | Orc:2    | Reached skill level 14 in Maces & Flails
 21582 | Orc:2    | Noticed an orc high priest
 21589 | Orc:2    | Killed an orc high priest
 21995 | Orc:2    | Reached skill level 1 in Invocations
 22137 | Orc:2    | Noticed an orc high priest
 22145 | Orc:2    | Killed an orc high priest
 22145 | Orc:2    | Reached XP level 13. HP: 144/144 MP: 18/23
 22225 | Orc:2    | Reached skill level 15 in Maces & Flails
 22682 | Orc:2    | Found Jiwatun's Armour Shoppe.
 22682 | Orc:2    | Found Tusyjal's Antique Weapon Shoppe.
 22683 | Orc:2    | Found Baet's Magic Scroll Shoppe.
 22683 | Orc:2    | Found Orecetov's Food Emporium.
 22695 | Orc:2    | Bought a scroll of enchant armour for 97 gold pieces
 22695 | Orc:2    | Bought a scroll of identify for 26 gold pieces
 22695 | Orc:2    | Bought a scroll of enchant weapon for 97 gold pieces
 22695 | Orc:2    | Bought a scroll of identify for 26 gold pieces
 22784 | Orc:2    | Bought a wand of acid (10) for 476 gold pieces
 23015 | Lair:1   | Entered Level 1 of the Lair of Beasts
 24226 | Lair:2   | Noticed Gastronok
 24254 | Lair:1   | Killed Gastronok
 24409 | Lair:2   | Found a frozen archway.
 24541 | IceCv    | Entered an ice cave
 24700 | IceCv    | Reached ****** piety under the Shining One
 25020 | IceCv    | Noticed an ice dragon
 25023 | IceCv    | Noticed an ice dragon
 25029 | IceCv    | Killed an ice dragon
 25033 | IceCv    | Killed an ice dragon
 25033 | IceCv    | Reached skill level 16 in Maces & Flails
 25368 | Lair:2   | Found a staircase to the Swamp.
 25533 | Lair:2   | Reached XP level 14. HP: 147/157 MP: 24/24
 25677 | Lair:2   | Found a staircase to the Snake Pit.
 25865 | Lair:2   | Noticed Fannar
 25876 | Lair:2   | Killed Fannar
 26072 | Lair:2   | Reached skill level 5 in Invocations
 27629 | Lair:4   | Reached skill level 15 in Fighting
 27773 | Lair:4   | Found a runed translucent gate.
 27773 | Lair:4   | Found a runed translucent gate.
 27773 | Lair:4   | Found a runed translucent gate.
 28275 | Lair:4   | Noticed Iskefav's ghost (journeyman DsAK)
 28309 | Lair:4   | Killed Iskefav's ghost
 28449 | Lair:4   | Got the ring of Jexzov {Fire}
 28792 | Lair:5   | Reached skill level 17 in Maces & Flails
 29044 | Lair:5   | Found a runed translucent door.
 29046 | Lair:5   | Found a viscous altar of Jiyva.
 29048 | Lair:5   | Found a staircase to the Slime Pits.
 29221 | Lair:5   | Reached skill level 1 in Armour
 29548 | Lair:6   | Entered Level 6 of the Lair of Beasts
 30229 | Lair:6   | Reached XP level 15. HP: 96/169 MP: 25/25
 30477 | Lair:6   | Reached skill level 5 in Dodging
 30493 | Lair:6   | Got a fine mace
 30494 | Lair:6   | Identified the +8 mace of the Lesser Evil {vorpal, Str+2}
                  | (You found it on level 6 of the Lair of Beasts)
 31007 | Swamp:1  | Entered Level 1 of the Swamp
 31054 | Lair:2   | HP: 1/169 [komodo dragon (30)]
 31054 | Lair:2   | Slain by a spiny frog

Illustrated notes

Levels and vault maps discovered:
D:1:      dpeg_arrival_caged_fury, layout_basic, hangedman_abyss_or_decor_stabs
D:2:      layout_loops_cross, cheibriados_altar_1, first_ration,
          minmay_misc_feat_roman, minmay_misc_feat_tower, uniq_robin
D:3:      layout_loops_ring, lemuel_coloured_pillars_altar,
          wander_ebering_terrifying_dragon_lair, uniq_jessica
D:4:      layout_basic, marbit_many_paths, lemuel_angel_altar, uniq_edmund
D:5:      layout_layer_cave, minmay_temple_entry_stoned_glass, serial_shops,
          shop
D:6:      layout_rooms, yredelemnul_altar_generic
D:7:      layout_loops_ring, okawaru_humans, serial_shops, kennysheep_mini,
          shop, nicolae_shop_overgrown_old_shop, nicolae_shop_crystal,
          hangedman_decor_clover_reticule
D:8:      layout_basic, grunt_dithmenos_smoke, the_bakery
D:9:      minmay_cornered_nines, layout_basic, erik_orc_3,
          nicolae_ru_path_of_blood, uniq_prince_ribbit1, uniq_psyche, uniq_grum,
          uniq_erolcha
D:10:     layout_long_grid
D:11:     layout_stronghold, erik_lair_island
Temple:   eino_temple_scatter_basement
Lair:1:   layout_hall_layers, nzn_random_ring, infiniplex_staircase_pool_2
Lair:2:   layout_cellular_growth, skrybe_swamp_entry_bodies,
          guppyfry_snake_entry_island, portal_ice_cave_entry_imps,
          uniq_gastronok, uniq_fannar
Lair:3:   layout_loops_ring, small_statue_intersection, lemuel_fruit_fields
Lair:4:   layout_loops_ring, gammafunk_ghost_icy, minivault_24
Lair:5:   layout_loops_ring, slime_altar_2, hibernation_bobbens
Lair:6:   grunt_lair_end_beastmaster, layout_cave_pods,
          infiniplex_staircase_pool
Swamp:1:  layout_basic_swamp, ebering_ghost_rock_garden,
          evilmike_swamp_ruin_rubble_2, swamp_pool3
Orc:1:    layout_caves, serial_shops, shop
Orc:2:    st_orc_pillars, layout_diamond_mine, serial_shops, shop

Skill      XL: |  1  2  3  4  5  6  7  8  9 10 11 12 13 14 15 |
---------------+----------------------------------------------+-----
Conjurations   | 1 2 |  2.0
Spellcasting   | 4 5 6 7 |  7.0
Fighting       | 1 2 3 4 6 8 10 11 13 14 15 | 15.8
Summonings     | 1 |  1.0
Maces & Flails | 1 3 6 8 11 13 14 16 17 | 17.5
Air Magic      | 1 2 |  2.0
Poison Magic   | 1 2 |  2.0
Dodging        | 2 3 4 5 |  5.0
Invocations    | 1 4 6 |  6.9
Armour         | 2 |  2.4
Stealth        | |  1.4
Shields        | |  0.8
Translocations | |  0.8

Action                   |  1- 3 |  4- 6 |  7- 9 | 10-12 | 13-15 || total
-------------------------+-------+-------+-------+-------+-------++-------
Melee: Club              |    28 |    73 |     5 |       |       ||   106
       Unarmed           |     6 |       |       |       |       ||     6
       Giant club        |       |       |   209 |   594 |    42 ||   845
       Giant spiked club |       |       |       |       |   544 ||   544
Throw: Boomerang         |       |       |     1 |       |       ||     1
       Large rock        |       |       |       |    26 |     3 ||    29
 Cast: Magic Dart        |    50 |   275 |    72 |    37 |    19 ||   453
       Mephitic Cloud    |       |    10 |     5 |    21 |     6 ||    42
       Slow              |       |     1 |       |       |       ||     1
       Call Imp          |       |     1 |       |       |       ||     1
Invok: Divine Shield     |       |       |       |     2 |     1 ||     3
  Use: Scroll            |       |       |     3 |    11 |    19 ||    33
       Potion            |       |       |     2 |     3 |     4 ||     9
  Eat: Chunk             |     1 |    11 |    16 |    27 |    28 ||    83
       Ration            |       |     1 |     2 |     2 |       ||     5
Armor: Robe              |    18 |    43 |    82 |    98 |       ||   241
       Troll leather arm |       |       |       |    26 |   125 ||   151
       Ice dragon scales |       |       |       |       |    15 ||    15
Dodge: Dodged            |    27 |    81 |   127 |   250 |   273 ||   758
Block: Other             |       |    31 |    54 |   116 |    88 ||   289
       Reflection        |       |       |     1 |    17 |     3 ||    21
